 Dungeon Sprint DCSS version 0.26-a0-854-gdc81c2f471 (webtiles) character file.

Game seed: 16748279460963578177

341 Conn the Arsonist (level 6, -7/33 HPs)
             Began as an Octopode Fire Elementalist on Nov 23, 2020.
             Was an Initiate of Vehumet.
             Mangled by a polar bear (11 damage)
             ... in the Dungeon (Sprint II: "The Violet Keep of Menkaure").
             The game lasted 00:17:13 (393 turns).

Conn the Arsonist (Octopode Fire Elementalist)       Turns: 393, Time: 00:17:17

Health: -7/33      AC:  1    Str:  7 (8)  XL:     6   Next: 56%
Magic:  8/12       EV: 15    Int: 18 (19) God:    Vehumet [......]
Gold:   486        SH:  0    Dex: 12      Spells: 4/15 levels left

rFire    . . .     SeeInvis .   (no weapon)
rCold    . . .     Faith    .   (no shield)
rNeg     . . .     Spirit   .   (helmet restricted)
rPois    .         Reflect  .   (no amulet)
rElec    .         Harm     .   (no ring)
rCorr    .         Rampage  .   (no ring)
MR       .....     NoTele   +   (no ring)
Stlth    ++++......             (no ring)
HPRegen  0.11/turn              (no ring)
MPRegen  0.13/turn              (no ring)
                                (no ring)
                                (no ring)

@: very slightly contaminated
A: almost no armour, stealthy swim, amphibious, 8 rings, constrict 8, camouflage
1, blurry vision 1, deterioration 1, frail 1, low mp 1, gelatinous body 1
a: Renounce Religion


You were in the Dungeon.
You worshipped Vehumet.
Vehumet was noncommittal.
You visited 1 branch You collected 486 gold pieces.

Inventory:

Potions
 e - a potion of magic


   Skills:
 + Level 0.8 Fighting
 + Level 4.6 Dodging
 + Level 5.1 Stealth
 * Level 5.4 Spellcasting
 * Level 4.8 Conjurations
 + Level 10.2 Fire Magic


You had 4 spell levels left.
You knew the following spells:

 Your Spells              Type           Power        Failure   Level
a - Foxfire               Conj/Fire      ####         1%          1
b - Conjure Flame         Conj/Fire      ####....     1%          3
c - Sticky Flame          Conj/Fire      ####....     6%          4
d - Inner Flame           Hex/Fire       ###.....     4%          3

Your spell library contained the following spells:

 Spells                   Type           Power        Failure   Level
 Fireball                 Conj/Fire      ####......   16%         5


Dungeon Overview and Level Annotations

Branches:
Dungeon (1/1)

Altars:
Cheibriados
Dithmenos
Elyvilon
Fedhas
Gozag
Hepliaklqana
Kikubaaqudgha
Makhleb
Nemelex Xobeh
Okawaru
Qazlal
Ru
Sif Muna
Trog
Uskayaw
Vehumet
Wu Jian
Xom
Yredelemnul
Zin
The Shining One
Beogh
Jiyva
Lugonu

Shops:
D }:(!?:[!([=[=[?

Annotations:
D exclusions: oklob plant and orange crystal statue


Innate Abilities, Weirdness & Mutations

You cannot wear most types of armour.
You are very stealthy in the water. (Stealth+)
You are amphibious.
You can wear up to eight rings at the same time.
You can use your tentacles to constrict eight enemies at once.
Your skin changes colour to match your surroundings (Stealth+).
Your rubbery body absorbs attacks. (AC +1, EV +1)
Scrolls take you a little longer to read.
Your body sometimes deteriorates upon taking damage.
You are frail. (-10% HP)
Your magical capacity is low. (-10% MP)


Message History

The polar bear bites you.
Your body deteriorates!
You feel weakened.
The polar bear barely misses you. x2; The hornet completely misses you.
Magic courses through your body.
The hornet burns!
The polar bear burns!
The polar bear bites you.
* * * LOW HITPOINT WARNING * * *
The polar bear barely misses you. The polar bear claws you.
* * * LOW HITPOINT WARNING * * *
The hornet completely misses you.
Casting: Sticky Flame (quite dangerous; 6% risk of failure)
Confirm with . or Enter, or press ? or * to list all spells.
The spell is quite dangerous to cast (6% risk of failure)!
Continue anyway?
Aiming: Sticky Flame (quite dangerous; 6% risk of failure)
Press: ? - help, Shift-Dir - straight line, f/p - hornet
Aim: a hornet (moderately wounded, covered in liquid flames, 0% to evade)
You miscast Sticky Flame.
You are very lightly contaminated with residual magic.
Nothing appears to happen.
The hornet burns!
The polar bear burns!
The hornet misses you. The polar bear bites you!
You die...

..# ...# ..## #..#
.#▓$$)!["$(▓▓ #..# +..#
.#▓$$!)??[!▓▓ #..# #..#
h#▓$$(!??[)▓
'..####^.##.#▓!($((=()
#....###...##▓▓▓▓▓▓▓+▓▓
#.§.§..≈≈≈≈≈c≈≈≈h≈≈≈..
≈§§....≈#'########+###
≈≈≈≈≈..w#..._h_h@#S≈≈##
≈≈≈≈≈≈.≈#_._._.y.#S≈§≈##
≈≈§≈≈≈≈≈#._._._._#≈≈≈≈§#
≈≈§§§≈≈≈#_._._._.#≈§§§§§
≈≈≈≈≈≈≈≈#._._._..#§§§§§§
§≈≈###≈≈#_._._...#§§§§§≈
#≈≈ #≈≈#._._....#§≈§≈≈§
+≈ #≈≈#.._.....#§§§§▓ #
≈≈§##########§§≈§▓z


You could see 3 polar bears, a yaktaur, a hornet (burning) and 2 water
moccasins.

Vanquished Creatures
  3 neqoxecs (D)
  Menkaure (D)
  2 worms (D)
6 creatures vanquished.

Vanquished Creatures (others)
  A neqoxec (D)
  A water moccasin (D)
  11 foxfires (D)
13 creatures vanquished.

Grand Total: 19 creatures vanquished

Notes
Turn   | Place    | Note
-------+----------+-------------------------------------------
     0 | D        | Conn the Octopode Fire Elementalist began the quest for the
                  | Orb.
     0 | D        | Reached XP level 1. HP: 11/11 MP: 3/3
     1 | D        | Noticed a boulder beetle
     1 | D        | Noticed a boulder beetle
     7 | D        | Noticed a neqoxec
     7 | D        | Noticed a neqoxec
     7 | D        | Noticed a neqoxec
     7 | D        | Noticed a neqoxec
    11 | D        | Noticed an iron imp
    13 | D        | Noticed a crimson imp
    16 | D        | Killed a neqoxec
    17 | D        | Reached skill level 7 in Fire Magic
    17 | D        | Reached XP level 2. HP: 17/17 MP: 4/7
    17 | D        | Reached XP level 3. HP: 21/21 MP: 4/8
    17 | D        | Reached XP level 4. HP: 27/27 MP: 5/10
    17 | D        | Reached XP level 5. HP: 31/31 MP: 5/11
    23 | D        | Killed a neqoxec
    24 | D        | Reached skill level 5 in Spellcasting
    24 | D        | Reached skill level 9 in Fire Magic
    24 | D        | Reached XP level 6. HP: 37/37 MP: 5/13
    36 | D        | Noticed an orange crystal statue
    38 | D        | Killed a water moccasin
    41 | D        | Found Qewafi's Magic Scroll Emporium.
    42 | D        | Found Ixzoos's Jewellery Shoppe.
    43 | D        | Found Fauthour's Jewellery Emporium.
    43 | D        | Found Ponnale's Antique Armour Shoppe.
    43 | D        | Found Xoerriu's Armour Shoppe.
    43 | D        | Found Ydin's Antique Weapon Emporium.
    44 | D        | Found Pysaz's Antique Armour Emporium.
    44 | D        | Found Qolim's Book Shoppe.
    44 | D        | Found Ximafigy's Armour Emporium.
    44 | D        | Found Ustetiun's Magic Scroll Shoppe.
    45 | D        | Found Afemidwa's Distillery.
    50 | D        | Noticed a wyvern
    51 | D        | Found Tiet's Distillery.
    51 | D        | Found Deckedee's Weapon Emporium.
    51 | D        | Noticed a water moccasin
    51 | D        | Noticed a wyvern
    51 | D        | Noticed a wyvern
    51 | D        | Noticed an oklob plant
    52 | D        | Found Casyd Teji's Gadget Shoppe.
    52 | D        | Found Gokymmia's Book Shoppe.
    54 | D        | Noticed a hell hog
    57 | D        | Gained mutation: You are frail. (-10% HP) [a neqoxec]
    58 | D        | Noticed a hell hog
    79 | D        | Gained mutation: Your body sometimes deteriorates upon
                  | taking damage. [a neqoxec]
   102 | D        | Found a glowing golden altar of the Shining One.
   102 | D        | Found an ornate altar of the Wu Jian Council.
   103 | D        | Found a shimmering altar of Xom.
   103 | D        | Found a sacrificial altar of Ru.
   103 | D        | Found a stormy altar of Qazlal.
   103 | D        | Found a hazy altar of Hepliaklqana.
   104 | D        | Found a basalt altar of Yredelemnul.
   104 | D        | Found a shimmering blue altar of Sif Muna.
   104 | D        | Gained mutation: Scrolls take you a little longer to read.
                  | [a neqoxec]
   104 | D        | Found a viscous altar of Jiyva.
   105 | D        | Found a glowing silver altar of Zin.
   105 | D        | Found a bloodstained altar of Trog.
   105 | D        | Found an ancient bone altar of Kikubaaqudgha.
   105 | D        | Gained mutation: Your magical capacity is low. (-10% MP) [a
                  | neqoxec]
   105 | D        | Noticed Menkaure
   106 | D        | Found a hide-covered altar of Uskayaw.
   106 | D        | Found a corrupted altar of Lugonu.
   106 | D        | Found a shadowy altar of Dithmenos.
   106 | D        | Found a snail-covered altar of Cheibriados.
   112 | D        | Killed a neqoxec
   113 | D        | Reached skill level 5 in Stealth
   113 | D        | Reached skill level 10 in Fire Magic
   115 | D        | Found a radiant altar of Vehumet.
   115 | D        | Found a burning altar of Makhleb.
   115 | D        | Found a white marble altar of Elyvilon.
   115 | D        | Found a roughly hewn altar of Beogh.
   117 | D        | Killed Menkaure
   120 | D        | Found a sparkling altar of Nemelex Xobeh.
   120 | D        | Found a blossoming altar of Fedhas.
   122 | D        | Found an iron altar of Okawaru.
   122 | D        | Found an opulent altar of Gozag.
   126 | D        | Noticed a water moccasin
   127 | D        | Noticed a water moccasin
   129 | D        | Became a worshipper of Vehumet
   134 | D        | Learned a level 3 spell: Conjure Flame
   139 | D        | Learned a level 4 spell: Sticky Flame
   143 | D        | Learned a level 3 spell: Inner Flame
   145 | D        | Noticed a flying skull
   145 | D        | Noticed a flying skull
   152 | D        | Noticed a water moccasin
   153 | D        | Noticed a flying skull
   357 | D        | Killed a neqoxec
   379 | D        | Noticed a hornet
   379 | D        | Noticed a polar bear
   379 | D        | Noticed a polar bear
   379 | D        | Noticed a polar bear
   380 | D        | Noticed a yaktaur
   393 | D        | Mangled by a polar bear

Illustrated notes

Levels and vault maps discovered:
D:        the_violet_keep_of_menkaure [sprint2_stairs_cluster_1,
          sprint2_shoproom, sprint2_temple, sprint2_basic_supplies,
          sprint2_obstacle_4, sprint2_obstacle_7, sprint2_obstacle_2,
          sprint2_obstacle_5, sprint2_obstacle_1, sprint2_timed_cluster_1,
          sprint2_smallroom_cluster_1, sprint2_smallroom_final_cluster_1,
          sprint2_transparent_cluster_1, sprint2_second_timed_cluster_1,
          sprint2_sniper_area_1, sprint2_heavy_combat_area_1,
          sprint2_mutation_trap_area_1, sprint2_forest_area_1,
          sprint2_light_combat_area_1, sprint2_behind_water_1,
          sprint2_near_end_vault_1]

Skill      XL: |  1  2  3  4  5  6 |
---------------+-------------------+-----
Dodging        | 3 4 |  4.6
Stealth        | 4 5 |  5.1
Spellcasting   | 4 5 |  5.4
Conjurations   | 3 4 |  4.8
Fire Magic     | 7 9 10 | 10.2
Fighting       | |  0.8

Action                   |  1- 3 |  4- 6 || total
-------------------------+-------+-------++-------
Melee: Unarmed           |     7 |    27 ||    34
       Constrict         |     1 |     5 ||     6
       Tentacles         |     1 |     5 ||     6
 Cast: Foxfire           |       |     6 ||     6
       Sticky Flame      |       |     2 ||     2
  Use: Potion            |     2 |     3 ||     5
       Scroll            |       |     1 ||     1
 Stab: Sleeping          |       |     1 ||     1
Armor: Skin              |       |     3 ||     3
Dodge: Dodged            |     6 |    34 ||    40

Table legend: (Time is in decaauts)
 A = Elapsed time spent in this place.
 B = Non-inter-level travel time spent in this place.
 C = Inter-level travel time spent in this place.
 D = Time resting spent in this place.
 E = Time spent auto-exploring this place.
 F = Levels seen in this place.
 G = Mean time per level.
                   A        B        C        D        E       F      G
               +--------+--------+--------+--------+--------+-----+--------+
         Total |    382 |    382 |      0 |    223 |      0 |   1 |  382.0 |
       Dungeon |    382 |    382 |      0 |    223 |      0 |   1 |  382.0 |
               +--------+--------+--------+--------+--------+-----+--------+

Top non-repeatable levels by time:
       D: 382 daAuts
